 Dungeon Crawl Stone Soup version 0.29.0-4-gdea44cf6ec (webtiles) character file.

Game seed: 11365846987623258893

21 qw the Ruffian (level 2, 0/29 HPs)
             Began as a Troll Cinder Acolyte on Aug 31, 2022.
             Was a High Priest of Ignis.
             Slain by Sigmund
             ... wielding a +0 scythe
              (6 damage)
             ... on level 2 of the Dungeon.
             The game lasted 00:00:29 (869 turns).

qw the Ruffian (Troll Cinder Acolyte)                Turns: 869, Time: 00:00:30

Health: 0/29       AC:  4    Str: 21    XL:     2   Next: 65%
Magic:  0/2        EV:  9    Int: 10    God:    Ignis [*****.]
Gold:   13         SH:  0    Dex:  5    Spells: 3/3 levels left

rFire   + . .      SeeInvis .     - Unarmed
rCold   . . .      Faith    .   (no shield)
rNeg    . . .      Spirit   +   a - +0 robe
rPois   .          Reflect  .   (helmet restricted)
rElec   .          Harm     .   (no cloak)
rCorr   .          Rampage  .   (gloves unavailable)
Will    .....                   (boots unavailable)
Stlth   +.........              e - amulet of guardian spirit
HPRegen 0.89/turn               (no ring)
MPRegen 0.08/turn               (no ring)

@: no status effects
A: large, unfitting armour, claws 3, regeneration 1, shaggy fur 1, tough skin 1
a: Renounce Religion, Fiery Armour, Foxfire Swarm, Rising Flame


You were on level 2 of the Dungeon.
You worshipped Ignis.
Ignis was extremely pleased with you.
You visited 1 branch of the dungeon, and saw 2 of its levels.

You collected 37 gold pieces.
You spent 24 gold pieces at shops.


Innate Abilities, Weirdness & Mutations

You are too large for most types of armour.
You have claws for hands.
Your natural rate of healing is unusually fast.
You are covered in fur. (AC +1)
You have tough skin. (AC +1)


   Skills:
 - Level 2.4 Fighting
 + Level 4.0 Unarmed Combat
 - Level 1.0 Spellcasting
 - Level 2.1 Fire Magic


You had 3 spell levels left.
You didn't know any spells.
Your spell library contained the following spells:

 Spells                   Type           Power      Damage    Failure   Level
 Scorch                   Fire           8%         2d5       22%         2

Inventory:

Armour
 a - a +0 robe (worn)
Jewellery
 e - an amulet of guardian spirit (around neck)
Potions
 b - a potion of heal wounds {unknown}
 f - a potion of magic {unknown}

Dungeon Overview and Level Annotations

Branches:
Dungeon (2/15)

Altars:

Shops:
D:1 *([[

Annotations:
D:2 Sigmund


Message History

Enter note: Sigmund gestures at you while chanting.
The magic dart hits you.
You closely miss Sigmund. Sigmund barely misses you.
You scratch Sigmund.
Sigmund is moderately wounded.
You barely miss Sigmund.
Sigmund is moderately wounded.
Sigmund hits you with a +0 scythe.
You closely miss Sigmund.
Sigmund is moderately wounded.
Sigmund closely misses you.
You barely miss Sigmund.
Sigmund is moderately wounded.
You claw Sigmund!
Sigmund is heavily wounded.
Sigmund casts a spell.
Sigmund flickers and vanishes!
Deactivating autopickup; reactivate with Ctrl-A.
You barely miss something. Something hits you.
You closely miss something. Something hits you.
You miss something. You miss something. Something hits you!
You barely miss something. You barely miss something.
You hear some strange, mumbled words.
A puff of flame appears from out of thin air!
The puff of flame hits you. You resist.
You barely miss something. Something hits you.
You scratch something but do no damage. Something hits you.
You miss something. You claw something! Something hits you!
You die...

# ##.. . .... ..
#.. ##.# #####..
#... ..##.# #..
#.##.# #..
##.##.#### #.#
.........# #{#
.#.#.###.#######@#
.#.#.###.##......#
.#....##.##.######
.#.#..##.##.#
.#.#........#
.........####
...........
###########


There were no monsters in sight!

Vanquished Creatures
  5 endoplasms
  6 goblins (D:1)
  A hobgoblin (D:1)
  A bat (D:1)
  2 frilled lizards (D:1)
  2 kobolds (D:1)
  2 rats (D:1)
19 creatures vanquished.

Notes
Turn   | Place    | Note
-------+----------+-------------------------------------------
     0 | D:1      | qw the Troll Cinder Acolyte began the quest for the Orb.
     0 | D:1      | Reached XP level 1. HP: 22/22 MP: 1/1
     0 | D:1      | 0 ||| qw: Version: 0.1-a-97-g2dd2ca4
     0 | D:1      | 0 ||| qw: Game counter: 4549
     0 | D:1      | 0 ||| qw: Always use a shield: true
     0 | D:1      | 0 ||| qw: God list: Okawaru
     0 | D:1      | 0 ||| qw: Allow faded altars: false
     0 | D:1      | 0 ||| qw: Do Orc after D:15 true
     0 | D:1      | 0 ||| qw: Do second Lair branch before Depths: true
     0 | D:1      | 0 ||| qw: Lair rune preference: random
     0 | D:1      | 0 ||| qw: Plans: Normal
     0 | D:1      | 0 ||| PLANNING D:1-11
   142 | D:1      | Found Tewuogor's Assorted Antiques.
   147 | D:1      | 147 ||| BUYING black potion (24 gold).
   147 | D:1      | Bought a black potion for 24 gold pieces
   147 | D:1      | 147 ||| SHOPLISTING dented bronze amulet (135 gold, have
                  | 3).
   147 | D:1      | 147 ||| SHOPLISTING fizzy clear potion (24 gold, have 3).
   147 | D:1      | 147 ||| SHOPLISTING scroll labelled GECUEL VAGGU (27 gold,
                  | have 3).
   147 | D:1      | 147 ||| SHOPLISTING scroll labelled MEGHEA ALOTHRO (27
                  | gold, have 3).
   147 | D:1      | 147 ||| SHOPLISTING white potion (24 gold, have 3).
   188 | D:1      | Reached XP level 2. HP: 29/29 MP: 2/2
   322 | D:1      | Found Laits's Antique Weapon Shop.
   338 | D:1      | 338 ||| UPGRADING to amulet of guardian spirit.
   385 | D:1      | Found a faded altar of an unknown god.
   466 | D:1      | Found Qeogeux's Antique Armour Shoppe.
   471 | D:1      | Found Veenism's Armour Shop.
   472 | D:1      | 472 ||| SHOPLISTING quicksilver dragon scales (1200 gold,
                  | have 3).
   472 | D:1      | 472 ||| SHOPLISTING swamp dragon scales (1000 gold, have
                  | 3).
   677 | D:1      | 677 ||| READING scroll labelled GECUEL VAGGU.
   678 | D:1      | 678 ||| READING scroll labelled DARICUAPTAMU.
   679 | D:1      | 679 ||| READING scroll labelled OMUMARCHADU.
   680 | D:1      | 680 ||| READING scroll labelled VISHAMI CANGELU.
   681 | D:1      | 681 ||| Stepping randomly (stuck).
   682 | D:1      | 682 ||| Stepping randomly (stuck).
   683 | D:1      | 683 ||| Stepping randomly (stuck).
   684 | D:1      | 684 ||| Stepping ~*~*~tactically~*~*~ (cloud).
   745 | D:2      | 745 ||| STAIRDANCE
   748 | D:1      | Reached skill level 4 in Unarmed Combat
   852 | D:2      | Noticed Sigmund
   867 | D:2      | HP: 5/29 [something (5)]
   869 | D:2      | Slain by Sigmund

Levels and vault maps discovered:
D:1:      lightli_arrival_isolated_outpost, layout_basic, serial_shops,
          nicolae_shop_temple_entry_statues_fountains,
          nicolae_shop_hallway_plus, shop,
          nicolae_shop_temple_entry_statues_fountains,
          shapermc_ecumenical_altar_starsandcircs, minmay_misc_feat_roman
D:2:      minmay_general_purpose_star, layout_loops_cross, serial_rivers,
          chequers_serial_rivers_micro_b, chequers_serial_rivers_large_b,
          chequers_serial_rivers_micro_e, chequers_serial_rivers_room_a,
          chequers_serial_rivers_small_3, chequers_serial_rivers_small_b,
          uniq_sigmund

Skill      XL: |  1  2 |
---------------+-------+-----
Unarmed Combat | 4 |  4.0
Fighting       | |  2.4
Spellcasting   | |  1.0
Fire Magic     | |  2.1

Action                   || total
-------------------------++-------
Melee: Unarmed           ||    53
  Use: Scroll            ||     4
Armor: Robe              ||     8
Dodge: Dodged            ||    12

Table legend:
 A = Non-vault XP
 B = Vault XP
 C = Vault XP percentage of total XP
 D = Non-vault monster count
 E = Vault monster count
 F = Vault count percentage of total count
                 A         B        C        D         E       F
            +---------+---------+-------+---------+---------+-------
      Total |      31 |       0 |   0.0 |      19 |       0 |   0.0
            +---------+---------+-------+---------+---------+-------
        D:1 |      29 |       0 |   0.0 |      18 |       0 |   0.0
        D:2 |       2 |       0 |   0.0 |       1 |       0 |   0.0
            +---------+---------+-------+---------+---------+-------
